 Dungeon Crawl Stone Soup version 0.20.1-1-g8b1a95d (webtiles) character file.

561245 WiZmei the Hoplite (level 27, -4/188 HPs)
             Began as a Gargoyle Gladiator on Nov 30, 2017.
             Was the Champion of the Shining One.
             Slain by a storm dragon simulacrum (11 damage)
             ... summoned by a greater mummy
             ... on level 1 of the Tomb of the Ancients on Dec 3, 2017.
             The game lasted 06:55:26 (72752 turns).

WiZmei the Hoplite (Gargoyle Gladiator)            Turns: 72752, Time: 06:55:28

Health: -4/188     AC: 60    Str: 36    XL:     27
Magic:  0/29       EV: 12    Int:  8    God:    the Shining One [******]
Gold:   1493       SH:  0    Dex: 17    Spells: 26/34 levels left

rFire    + + .     SeeInvis .   q - +7 morningstar "Bitryadd" {crush, *Drain rElec rN++ MR+}
rCold    + + .     Gourm    .   F - +3 large shield {rC+ rF+}
rNeg     + + +     Faith    +   m - +11 plate armour of the Farrier {rPois rCorr Int-3}
rPois    ∞         Spirit   +   c - +0 helmet
rElec    +         Reflect  .   W - scarf {Spirit}
rCorr    +         Harm     .   w - +2 pair of gloves
MR       +....     NoTele   +   h - +1 pair of boots of a Thousand Tales {Str+7 Stlth+}
Stlth    ..........             K - amulet "Vaegi" {Faith rPois rN+++ Str-3 Stlth+}
Regen    0.5/turn               C - ring of the Messenger {rCorr *Contam rElec rF+ rC+}
MPRegen  0.3/turn               J - ring of the Dolphin {-Tele +Fly rN+ Str+5 Dex+2}

@: confused, divine shield, vulnerable, flying, slowed, glowing, very slow
A: big wings, talons 1, agile 1, mutation resistance 1, negative energy
resistance 1, electricity resistance, unbreathing, petrification resistance, rot
immunity, AC +20
}: 2/15 runes: barnacled, gossamer
a: Stop Flying, Divine Shield, Cleansing Flame, Summon Divine Warrior, Brand
Weapon With Holy Wrath, Renounce Religion


You were on level 1 of the Tomb of the Ancients.
You worshipped the Shining One.
The Shining One was exalted by your worship.
You were hungry.

You visited 13 branches of the dungeon, and saw 55 of its levels.
You visited the Abyss 1 time.

You collected 4464 gold pieces.
You spent 2971 gold pieces at shops.

Inventory:

Hand Weapons
 q - the +7 morningstar "Bitryadd" (weapon) {crush, *Drain rElec rN++ MR+}
   (You took it off a tengu warrior on level 1 of the Depths)

   It inflicts extra damage upon your enemies.
   It insulates you from electricity.
   It greatly protects you from negative energy.
   It affects your resistance to hostile enchantments.
   It causes draining when unequipped.
 s - the +6 mace "Ceol" {holy, rPois}
   (You bought it in a shop on level 2 of the Orcish Mines)

   It has been blessed by the Shining One to cause great damage to the undead
   and demons.
   It protects you from poison.
 R - the cursed +1 flail "Beympaiwk" {freeze, *Corrode Str+9 Dex+6}
   (You found it on level 1 of the Depths)

   It has been specially enchanted to freeze those struck by it, causing extra
   injury to most foes and up to half again as much damage against particularly
   susceptible opponents.
   It can also slow down cold-blooded creatures.
   It affects your strength (+9).
   It affects your dexterity (+6).
   It may corrode you when you take damage.
   It has a curse placed upon it.
Missiles
 d - 7 throwing nets
 D - 6 javelins (quivered)
Armour
 c - a +0 helmet (worn)
 h - the +1 pair of boots of a Thousand Tales (worn) {Str+7 Stlth+}
   (You found it on level 3 of the Vaults)

   It affects your strength (+7).
   It makes you more stealthy.
 m - the +11 plate armour of the Farrier (worn) {rPois rCorr Int-3}
   (You found it on level 1 of the Vaults)

   It affects your intelligence (-3).
   It protects you from poison.
   It protects you from acid and corrosion.
 w - a +2 pair of gloves (worn)
 y - the +0 pair of boots of Cloud Cover {rC- Regen+ Str+6 Int-5}
   (You acquired it on level 13 of the Dungeon)

   It affects your strength (+6).
   It affects your intelligence (-5).
   It makes you vulnerable to cold.
   It increases your rate of regeneration.
 F - a +3 large shield of resistance (worn)
 H - a scarf of repulsion
 W - a scarf of spirit shield (worn)
Jewellery
 z - the amulet "Zyqe Futani" {Harm *Drain rElec rN+ Slay+5}
   (You took it off a frost giant on level 4 of the Depths)

   [amulet of harm]

   It increases damage dealt and taken.
   It affects your accuracy and damage with ranged weapons and melee attacks
   (+5).
   It insulates you from electricity.
   It protects you from negative energy.
   It causes draining when unequipped.
 B - the amulet of the Open Hand {Inacc rC+ Dex+6}
   (You bought it in a shop on level 1 of the Vaults)

   [amulet of inaccuracy]

   It reduces the accuracy of all your attacks.
   It affects your dexterity (+6).
   It protects you from cold.
 C - the ring of the Messenger (left hand) {rCorr *Contam rElec rF+ rC+}
   (You took it off a tengu warrior on level 1 of the Depths)

   [ring of resist corrosion]

   It protects you from fire.
   It protects you from cold.
   It insulates you from electricity.
   It causes magical contamination when unequipped.
 E - the ring "Lenaysa" {rF- rC+++ MR- EV+4 SInv}
   (You found it on level 4 of the Depths)

   [ring of evasion]

   It affects your evasion (+4).
   It makes you vulnerable to fire.
   It renders you almost immune to cold.
   It affects your resistance to hostile enchantments.
   It lets you see invisible.
 J - the ring of the Dolphin (right hand) {-Tele +Fly rN+ Str+5 Dex+2}
   (You found it on level 3 of the Depths)

   [ring of positive energy]

   It affects your strength (+5).
   It affects your dexterity (+2).
   It protects you from negative energy.
   It lets you fly.
   It prevents most forms of teleportation.
 K - the amulet "Vaegi" (around neck) {Faith rPois rN+++ Str-3 Stlth+}
   (You found it on level 6 of the Dungeon)

   [amulet of faith]

   It allows you to gain divine favour quickly.
   It affects your strength (-3).
   It protects you from poison.
   It renders you almost immune to negative energy.
   It makes you more stealthy.
 N - the ring of Daer {+Fly rF+ Int-4 SInv}
   (You found it on level 4 of the Depths)

   [ring of see invisible]

   It affects your intelligence (-4).
   It protects you from fire.
   It lets you see invisible.
   It lets you fly.
Wands
 v - a wand of digging (7/24)
Scrolls
 k - 8 scrolls of teleportation
 l - 17 scrolls of remove curse
 o - a scroll of summoning
 p - 6 scrolls of magic mapping
 r - 7 scrolls of identify
 A - 2 scrolls of blinking
 O - 4 scrolls of recharging
 Q - 3 scrolls of fear
 Y - a scroll of enchant weapon
Potions
 a - 3 potions of magic
 e - 2 potions of cancellation {unknown}
 i - 2 potions of mutation
 j - 2 potions of ambrosia
 u - 13 potions of curing
 I - 3 potions of agility
 P - 2 potions of haste
 V - 5 potions of brilliance
 Z - 4 potions of might
Books
 x - a book of Battle

   Spells                             Type                      Level
   a - Infusion                       Charms                       1
   b - Shroud of Golubria             Charms/Translocation         2
   c - Song of Slaying                Charms                       2
   d - Spectral Weapon                Hexes/Charms                 3
   e - Regeneration                   Charms/Necromancy            3
 S - a Young Poisoner's Handbook

   Spells                             Type                      Level
   a - Sting                          Conjuration/Poison           1
   b - Poisonous Vapours              Poison/Air                   2
   c - Mephitic Cloud                 Conjuration/Poison/Air       3
   d - Olgreb's Toxic Radiance        Poison                       4
   e - Venom Bolt                     Conjuration/Poison           5
Miscellaneous
 b - a lamp of fire
 M - a sack of spiders
 T - a phantom mirror
 X - a phial of floods
Comestibles
 f - 8 bread rations
 n - 18 meat rations
 U - 2 royal jellies


   Skills:
 - Level 23.0 Fighting
 - Level 21.0 Maces & Flails
 - Level 1.7 Throwing
 * Level 20.9 Armour
 - Level 4.9 Dodging
 + Level 10.1 Stealth
 - Level 25.2 Shields
 - Level 4.0 Spellcasting
 - Level 5.0 Conjurations
 - Level 6.8 Charms
 - Level 5.0 Fire Magic
 - Level 8.0 Invocations
 - Level 1.3 Evocations


You had 26 spell levels left.
You knew the following spells:

 Your Spells              Type           Power        Failure   Level  Hunger
a - Flame Tongue          Conj/Fire      #....        12%         1    #......
b - Throw Flame           Conj/Fire      #.....       17%         2    ###....
c - Infusion              Chrm           ##..         5%          1    #......
d - Song of Slaying       Chrm           ##......     9%          2    ###....
e - Shroud of Golubria    Chrm/Tloc      #.........   32%         2    ###....


Dungeon Overview and Level Annotations

Branches:
Dungeon (15/15)            Temple (1/1) D:4            Lair (6/6) D:11
 Shoals (4/4) Lair:3       Spider (4/4) Lair:4        Slime (1/5) Lair:5
    Orc (2/2) D:10            Elf (0/3) Orc:2        Vaults (5/5) D:14
  Crypt (3/3) Vaults:3       Tomb (1/3) Crypt:3      Depths (5/5) D:15
   Hell (1/1)                 Dis (7/7) Hell            Geh (0/7) Hell
    Coc (0/7) Hell            Tar (0/7) Hell            Zot (0/5) Depths:5

Altars:
Ashenzari
Cheibriados
Dithmenos
Elyvilon
Fedhas
Gozag
Hepliaklqana
Kikubaaqudgha
Makhleb
Nemelex Xobeh
Okawaru
Ru
Sif Muna
Trog
Uskayaw
Vehumet
Xom
Yredelemnul
Zin
The Shining One
Lugonu

Shops:
D:13 ?!   Orc:1 [   Orc:2 **:*   Vaults:1 *   Depths:1 [   Depths:4 =}}

Portals:
Hell: Depths:1 Depths:2 Depths:3 Depths:4 Depths:5
Abyss: Depths:2* Depths:4
Pandemonium: Depths:3
Ziggurat: Depths:5

Annotations:
Lair:3 exclusion: 3 oklob plants
Depths:5 2 runed doors


Innate Abilities, Weirdness & Mutations

You are resistant to torment.
Your stone body is resilient. (AC +20)
You are immune to poison.
Your large and strong wings let you fly indefinitely.
You resist negative energy. (rN+)
You are resistant to electric shocks. (rElec)
You can survive without breathing.
You are immune to petrification.
You are immune to rotting.
You have sharp toenails.
You are agile. (Dex +2)
You are somewhat resistant to further mutation.


Message History

The mana viper convulses!
The emperor scorpion convulses!
You feel a surge of unholy energy. The lich barely misses you.
The phantasmal warrior blinks!
You block the phantasmal warrior's attack.
The death scarab bites you but does no damage.
You don't have enough magic at the moment.
You are confused.
You feel invigorated.
The death scarab bites you but does no damage. x2
The death scarab barely misses you.
The jiangshi claws you but does no damage. x2
The lich touches you but does no damage.
The jiangshi claws you but does no damage. x2
The greater mummy hits you but does no damage.
The storm dragon simulacrum bites you but does no damage.
The storm dragon simulacrum claws you.
* * * LOW HITPOINT WARNING * * *
The storm dragon simulacrum freezes you!
You resist.
You die...

#.8...8.# #.......#
#.......# #.8...8.#
#.......# ##'''''##
##########^.^....########
....sssssZW†.......††....
....sssZ@Wsz.............
...4zMsVMLSs.....########
....WsSMWWV......#.....^.
....WVZMnVsZ.....#..#####
....3MMssS.......#..##...
.....ZZzs........#..#..#)
....ZZM.Z........#(.#:.#.
................#..#####
#.......


You could see 3 greater mummies, 3 emperor scorpions, a lich, 2 mummy priests, a
jiangshi, 2 flayed ghosts, an orange demon, 2 phantasmal warriors, 3 mana
vipers, a guardian mummy, 2 spectral frost giants, a sixfirhy, 3 vampires, 2
wraiths, 13 death scarabs, a necrophage, 3 flying skulls, a mummy, a storm
dragon simulacrum, a manticore zombie, a quicksilver dragon zombie, a troll
zombie, a stone giant zombie, a quicksilver dragon skeleton and a naga skeleton.

Vanquished Creatures
  An ancient lich (Crypt:1)
  Khufu (Tomb:1)
  Mara (Crypt:3)
  A juggernaut (Depths:4)
  4 golden dragons
  Nikola (Vaults:1)
  4 bone dragons
  A Tzitzimitl (Dis:1)
  Jorgrun (Crypt:1)
  A Brimstone Fiend (Dis:1)
  2 Ice Fiends
  2 Hell Sentinels
  A tentacled monstrosity (Depths:4)
  An iron giant (Dis:3)
  6 liches
  Asterion (Vaults:3)
  A tentacled starspawn (Abyss:2)
  An acid blob (Depths:3)
  6 sphinxes
  Gastronok (Lair:2)
  An Executioner (Dis:1)
  7 ancient champions
  2 thorn hunters (Depths:3)
  Kirke (D:15)
  A draconian monk (Depths:5)
  Ilsuiw (Shoals:4)
  The ghost of sexinstructor the Warrior, an adept GrBe of Trog (Spider:2)
  A storm dragon (Depths:4)
  6 revenants
  2 azure jellies (Depths:3)
  9 tengu reavers
  6 fire giants
  2 nagarajas (Depths:3)
  10 frost giants
  A draconian scorcher (Depths:5)
  Aizul (Shoals:3)
  5 vault wardens
  2 orc warlords (Orc:1)
  A cacodemon (Depths:4)
  5 emperor scorpions
  5 ghost moths
  Louise (Depths:2)
  4 draconian shifters (Crypt:1)
  An iron dragon (Depths:4)
  3 curse skulls
  A draconian stormcaller (Depths:5)
  4 ghouls
  The ghost of attackplan the Severer, a journeyman HOFi of Cheibriados (Lair:6)
  27 reapers
  11 ironheart preservers
  14 stone giants
  9 vampire knights
  31 very ugly things
  3 green draconians (Depths:5)
  3 war gargoyles
  3 entropy weavers
  2 deep elf demonologists (Crypt:1)
  A lorocyproca (Dis:5)
  3 black draconians (Depths:5)
  A deep elf annihilator (Crypt:1)
  6 dire elephants
  2 purple draconians (Depths:5)
  2 spark wasps (Spider:4)
  3 white draconians (Depths:5)
  A green death (Depths:3)
  Snorg (Orc:1)
  9 red draconians
  9 ettins
  2 mummy priests (Tomb:1)
  The ghost of troglodite the Fighter, a journeyman DsBe of Trog (D:12)
  4 merfolk javelineers (Shoals:4)
  4 eidola
  3 blizzard demons
  10 merfolk impalers
  The ghost of shigeko the Carver, a journeyman MiFi of Jiyva (Lair:2)
  12 fire dragons
  The ghost of yogakurto the Cruncher, a journeyman DsAM of Yredelemnul (Orc:2)
  A jiangshi (Vaults:3)
  2 quicksilver dragon zombies
  Harold (Lair:4)
  7 great orbs of eyes
  9 ogre magi
  A peacekeeper (Vaults:1)
  17 yaktaur captains
  26 vault guards
  2 quicksilver dragon skeletons
  4 ice dragons
  2 alligator snapping turtles (Shoals:4)
  4 rakshasas
  An anaconda (Lair:6)
  7 hydras
  5 spriggan air magi
  4 merfolk aquamancers (Shoals:4)
  A hell beast (Depths:1)
  13 centaur warriors
  A satyr (Shoals:4)
  A merfolk avatar (Shoals:1)
  A dancing weapon (Dis:4)
  12 deep troll shamans
  35 two-headed ogres
  6 death yaks (Lair:6)
  12 tengu warriors
  4 death knights
  2 alligators (Depths:3)
  7 vampire magi
  11 death scarabs (Tomb:1)
  6 deep troll earth magi
  3 hell hogs (Hell)
  A titan zombie (Dis:3)
  A thrashing horror (Abyss:2)
  7 sun demons
  2 orc high priests
  4 spriggan berserkers
  3 deep elf knights
  29 hell knights
  A storm dragon zombie (Hell)
  4 iron golems
  18 soul eaters
  Nergalle (Lair:4)
  2 spriggans (Depths:5)
  The ghost of boomboom the Cleaver, a novice HOFi of Okawaru (D:9)
  A fire crab (shapeshifter) (Vaults:1)
  A storm dragon skeleton (Depths:1)
  A ghost moth zombie (Crypt:3)
  2 golden dragon zombies
  5 iron trolls
  4 shadow wraiths
  54 skeletal warriors
  3 sixfirhies (Depths:4)
  2 anaconda zombies
  An unseen horror (D:12)
  28 deep trolls
  3 flayed ghosts
  3 glowing orange brains
  10 sea snakes
  A tengu zombie (Vaults:4)
  2 shadow demons
  A swamp dragon (shapeshifter) (Vaults:2)
  3 swamp dragons (Depths:3)
  4 shadow dragon zombies
  5 wizards
  2 anaconda skeletons (Hell)
  31 harpies
  2 deep elf archers
  A lindwurm (Lair:6)
  22 orc knights
  13 phantasmal warriors
  A golden dragon skeleton (Dis:1)
  10 ironbrand convokers
  An iron dragon zombie (Dis:1)
  9 fauns
  8 orc sorcerers
  30 wolf spiders
  23 orb spiders
  11 deep elf magi
  50 ugly things
  2 frost giant zombies
  A cyclops (shapeshifter) (Depths:4)
  2 wolf spider zombies
  15 necromancers
  2 shadow dragon skeletons
  A salamander (shapeshifter) (Vaults:2)
  A moth of wrath (shapeshifter) (Depths:3)
  4 stone giant zombies
  2 salamanders (D:15)
  4 cyclopes
  12 manticores
  An ice statue (Hell)
  7 elephants (Lair:6)
  27 rust devils
  12 vault sentinels
  2 fire giant skeletons
  A dire elephant zombie (Dis:4)
  A shock serpent zombie (Dis:1)
  8 black mambas
  12 merfolk sirens
  6 molten gargoyles
  An alligator snapping turtle zombie (Crypt:2)
  A black mamba (shapeshifter) (D:15)
  A smoke demon (Hell)
  12 spiny frogs
  2 torpor snails
  8 water nymphs
  A yaktaur zombie (Depths:1)
  An emperor scorpion zombie (Dis:2)
  32 yaktaurs
  8 freezing wraiths
  6 hellions
  8 rime drakes
  6 komodo dragons
  5 kobold demonologists
  An ancient zyme (Abyss:2)
  9 ice devils
  12 tormentors
  A komodo dragon (shapeshifter) (Vaults:2)
  10 tengu conjurers
  9 demonic crawlers
  6 red devils
  A grey draconian skeleton (Crypt:2)
  33 jumping spiders
  3 trolls (shapeshifter)
  A silent spectre (Crypt:1)
  15 trolls
  A green draconian skeleton (Crypt:1)
  3 hydra zombies
  2 harpy zombies
  37 merfolk
  3 guardian mummies (Tomb:1)
  2 hornets (shapeshifter)
  11 hornets
  A polar bear (Lair:6)
  Prince Ribbit (Lair:2)
  3 saltlings (Vaults:1)
  4 wind drakes
  4 raiju (Abyss:2)
  A bog body (Crypt:3)
  4 human simulacra
  An ice dragon zombie (Dis:4)
  10 dream sheep
  2 alligator zombies (Hell)
  2 ettin zombies
  7 blink frogs (Lair:2)
  9 snapping turtles
  25 slime creatures
  18 flying skulls
  2 ice dragon skeletons
  12 hippogriffs
  A stone giant simulacrum (Crypt:3)
  A snapping turtle (shapeshifter) (Depths:2)
  6 air elementals
  A deep troll skeleton (Depths:1)
  An ettin skeleton (Crypt:2)
  4 water elementals
  A hydra skeleton (Tomb:1)
  2 ushabtiu (Tomb:1)
  A fire dragon skeleton (Hell)
  A tarantella (shapeshifter) (Depths:5)
  9 shadows
  34 tarantellas
  26 yaks
  2 spriggan skeletons
  A hog (shapeshifter) (Vaults:4)
  66 redbacks
  12 wraiths
  4 fire bats (Depths:2)
  2 wyverns
  7 fire elementals
  5 basilisks
  5 hogs (D:15)
  A hungry ghost (D:8)
  3 steam dragons
  9 wargs
  A vampire mosquito (D:10)
  5 small abominations (Abyss:2)
  A soldier ant (shapeshifter) (Vaults:2)
  3 acid dragons
  3 soldier ants
  2 spiny frog zombies
  7 porcupines
  2 hydra simulacra (Hell)
  14 water moccasins
  A porcupine (shapeshifter) (Vaults:1)
  A spiny frog skeleton (Hell)
  34 hell hounds
  A floating eye (Depths:4)
  7 ice beasts
  3 sky beasts
  4 human zombies
  2 necrophages
  71 orc warriors
  2 snapping turtle zombies
  An ice dragon simulacrum (Crypt:3)
  A black bear (D:13)
  2 eyes of draining
  2 large abominations (Abyss:2)
  A deep troll simulacrum (Depths:1)
  A manticore zombie (Dis:2)
  35 ogres
  10 boggarts
  A manticore skeleton (Dis:1)
  3 phantoms
  8 wolves
  32 centaurs
  2 elf zombies
  A swamp dragon skeleton (Dis:1)
  A human skeleton (Vaults:4)
  6 crocodiles
  5 big kobolds
  A fire crab zombie (Crypt:1)
  15 bullfrogs
  A yaktaur skeleton (Crypt:3)
  A hippogriff skeleton (Crypt:2)
  3 gnoll sergeants
  56 killer bees
  10 scorpions
  A yak skeleton (Crypt:1)
  3 electric eels
  5 howler monkeys
  38 wights
  8 crimson imps
  4 bullfrog zombies
  3 centaur zombies
  9 iron imps
  A basilisk zombie (Crypt:1)
  2 bullfrog skeletons
  13 hounds
  33 orc priests
  7 jellies
  47 orc wizards
  4 centaur skeletons
  4 iguanas
  9 hell rats
  8 worker ants
  A deep dwarf zombie (Crypt:2)
  A naga zombie (Dis:1)
  A hound skeleton (D:8)
  13 mummies
  A worker ant zombie (D:8)
  13 gnolls
  16 adders
  7 shadow imps
  A white imp (D:11)
  An ufetubus (Abyss:2)
  2 oozes
  An adder zombie (D:6)
  An adder skeleton (D:8)
  3 worms
  5 dart slugs
  A leopard gecko (D:2)
  173 orcs
  7 giant cockroaches
  7 goblins
  13 hobgoblins
  15 jackals
  3 quokkas
  2 ball pythons (D:1)
  10 bats
  8 frilled lizards
  A jackal zombie (D:5)
  27 kobolds
  An orc zombie (Crypt:3)
  15 rats
  3 rat skeletons
  A rat zombie (Crypt:3)
  A bush (Lair:3)
  9 fungi
  6 plants
2550 creatures vanquished.

Vanquished Creatures (collateral kills)
  Geryon (Hell)
  The ghost of p0werm0de the Severer, an adept GrBe of Trog (Vaults:4)
  A tentacled monstrosity (Depths:4)
  A vault warden (Vaults:1)
  A dire elephant (Lair:6)
  2 vault guards (Vaults:1)
  A yaktaur captain (Vaults:4)
  A two-headed ogre (Vaults:2)
  A tengu warrior (Depths:5)
  A deep troll (Vaults:4)
  A deep elf archer (Vaults:4)
  2 ironbrand convokers
  2 yaktaurs (Vaults:4)
  A tengu conjurer (Depths:5)
  An orc wizard (Vaults:4)
  An orc (Vaults:4)
19 creatures vanquished.

Vanquished Creatures (others)
  A golden dragon (Depths:4)
  2 eldritch tentacles
  A stone giant (Vaults:3)
  A centaur warrior (D:14)
  An ogre mage (Depths:4)
  An alligator (Depths:3)
  A deep elf archer (Vaults:1)
  4 cyclopes
  2 fauns (Shoals:1)
  5 yaktaurs
  A redback (Spider:4)
  2 water elementals (Depths:1)
  2 humans
  An orc warrior (Vaults:1)
  3 ogres
  A centaur (Vaults:3)
  A wight (Dis:4)
  An iron imp (Dis:5)
  2 hell rats (Hell)
  A bush (Lair:6)
  17 fungi
  33 plants
  2 starspawn tentacles (Abyss:2)
86 creatures vanquished.

Grand Total: 2655 creatures vanquished

Notes
Turn   | Place    | Note
-------+----------+-------------------------------------------
     0 | D:1      | WiZmei the Gargoyle Gladiator began the quest for the Orb.
     0 | D:1      | Reached XP level 1. HP: 12/12 MP: 1/1
    79 | D:1      | Reached XP level 2. HP: 17/17 MP: 2/2
   428 | D:1      | Reached XP level 3. HP: 16/22 MP: 4/4
   834 | D:1      | Reached skill level 1 in Spellcasting
  1463 | D:2      | Reached XP level 4. HP: 26/27 MP: 5/5
  1703 | D:2      | Reached skill level 1 in Armour
  1743 | D:2      | Found a basalt altar of Yredelemnul.
  1746 | D:2      | Found a glowing silver altar of Zin.
  1746 | D:2      | Found a blossoming altar of Fedhas.
  1752 | D:2      | Found a hide-covered altar of Uskayaw.
  2139 | D:2      | Reached XP level 5. HP: 30/32 MP: 7/7
  2357 | D:3      | Found a faded altar of an unknown god.
  3588 | D:4      | Reached XP level 6. HP: 34/37 MP: 8/8
  3665 | D:4      | Reached skill level 5 in Maces & Flails
  4270 | D:4      | Found a staircase to the Ecumenical Temple.
  4307 | Temple   | Entered the Ecumenical Temple
  4463 | Temple   | Became a worshipper of the Shining One
  4633 | D:4      | Reached XP level 7. HP: 36/42 MP: 10/10
  4870 | D:5      | Entered Level 5 of the Dungeon
  4987 | D:5      | Reached skill level 1 in Shields
  5373 | D:5      | Reached * piety under the Shining One
  5481 | D:5      | Reached skill level 2 in Shields
  5481 | D:5      | Reached XP level 8. HP: 28/48 MP: 8/12
  5866 | D:6      | Learned a level 1 spell: Flame Tongue
  5869 | D:6      | Learned a level 2 spell: Throw Flame
  5918 | D:6      | Got a vibrating iron amulet
  6071 | D:6      | Reached skill level 5 in Fighting
  6374 | D:6      | Found a deep blue altar of Sif Muna.
  6569 | D:7      | Found a bloodstained altar of Trog.
  6623 | D:7      | Reached skill level 5 in Armour
  6628 | D:7      | Reached skill level 1 in Fire Magic
  6636 | D:7      | Identified the amulet "Vaegi" {Faith rPois rN+++ Str-3 Stlth+} (You found it on level 6 of the Dungeon)
  6658 | D:7      | Found a white marble altar of Elyvilon.
  6760 | D:7      | Noticed a hippogriff
  6774 | D:7      | Killed a hippogriff
  7077 | D:7      | Reached skill level 1 in Conjurations
  7202 | D:7      | Reached XP level 9. HP: 52/54 MP: 14/14
  7534 | D:7      | Reached skill level 3 in Shields
  7635 | D:7      | Reached ** piety under the Shining One
  8121 | D:8      | Noticed a hornet
  8132 | D:8      | Killed a hornet
  8134 | D:8      | Noticed a hornet
  8145 | D:8      | Killed a hornet
  8145 | D:8      | Reached skill level 4 in Shields
  8858 | D:8      | Reached XP level 10. HP: 61/61 MP: 16/16
  9630 | D:9      | Noticed a two-headed ogre
  9640 | D:9      | Killed a two-headed ogre
  9640 | D:9      | Reached skill level 5 in Shields
  9660 | D:9      | Reached *** piety under the Shining One
  9661 | D:9      | Noticed boomboom's ghost (novice HOFi)
  9702 | D:9      | Killed boomboom's ghost
 10057 | D:10     | Entered Level 10 of the Dungeon
 10224 | D:10     | Noticed a centaur warrior
 10284 | D:10     | Noticed a four-headed hydra
 10292 | D:9      | Killed a centaur warrior
 10292 | D:9      | Reached XP level 11. HP: 64/68 MP: 17/17
 10425 | D:9      | Killed a four-headed hydra
 10644 | D:10     | Noticed a two-headed ogre
 10667 | D:10     | Killed a two-headed ogre
 10667 | D:10     | Reached skill level 6 in Shields
 11078 | D:10     | Found a staircase to the Orcish Mines.
 11109 | D:10     | Reached **** piety under the Shining One
 11378 | D:10     | Reached skill level 10 in Maces & Flails
 11520 | D:10     | Noticed a two-headed ogre
 11536 | D:10     | Killed a two-headed ogre
 11797 | D:10     | Noticed a two-headed ogre
 12025 | D:11     | Found a staircase to the Lair.
 12085 | D:11     | Noticed a green ugly thing
 12115 | D:11     | Killed a green ugly thing
 12417 | D:11     | Noticed a two-headed ogre
 12424 | D:11     | Reached ***** piety under the Shining One
 12436 | D:12     | Noticed troglodite's ghost (journeyman DsBe)
 12446 | D:12     | Killed a two-headed ogre
 12446 | D:12     | Reached skill level 7 in Shields
 12479 | D:12     | Killed troglodite's ghost
 13146 | D:13     | Reached XP level 12. HP: 74/76 MP: 18/18
 13732 | D:13     | Reached skill level 8 in Shields
 13900 | D:12     | Noticed a two-headed ogre
 13918 | D:12     | Killed a two-headed ogre
 13918 | D:12     | Reached skill level 10 in Fighting
 14049 | D:13     | Found Cepninir's Distillery.
 14052 | D:13     | Bought a potion of heal wounds for 90 gold pieces
 14052 | D:13     | Bought a potion of heal wounds for 90 gold pieces
 14072 | D:13     | Found a shadowy altar of Dithmenos.
 14159 | D:13     | Found Uptossec's Magic Scroll Emporium.
 15291 | D:12     | Noticed an eight-headed hydra
 15292 | D:12     | Reached skill level 1 in Invocations
 15305 | D:12     | Killed an eight-headed hydra
 16086 | Lair:1   | Entered Level 1 of the Lair of Beasts
 16252 | Lair:1   | Noticed a seven-headed hydra
 16272 | Lair:1   | Killed a seven-headed hydra
 16551 | Lair:1   | Reached skill level 9 in Shields
 16993 | Lair:1   | Reached XP level 13. HP: 62/84 MP: 15/19
 17468 | Lair:2   | Reached skill level 10 in Armour
 17583 | Lair:2   | Noticed Prince Ribbit
 17659 | Lair:2   | Noticed shigeko's ghost (journeyman MiFi)
 17705 | Lair:2   | Killed shigeko's ghost
 17705 | Lair:2   | Reached skill level 10 in Shields
 18153 | Lair:2   | Noticed Gastronok
 18193 | Lair:2   | Killed Gastronok
 18439 | Lair:2   | Killed Prince Ribbit
 18730 | Orc:1    | Entered Level 1 of the Orcish Mines
 18730 | Orc:1    | Found Uklilan's Antique Armour Emporium.
 19794 | Orc:1    | Noticed an ettin
 19827 | D:10     | Killed an ettin
 20281 | Orc:1    | Noticed an orc warlord
 20359 | Orc:1    | Paralysed by an orc sorcerer for 6 turns
 20373 | D:10     | Paralysed by an orc sorcerer for 3 turns
 20512 | Orc:1    | Killed an orc warlord
 20512 | Orc:1    | Reached skill level 5 in Invocations
 21763 | Orc:2    | Entered Level 2 of the Orcish Mines
 22670 | Orc:1    | Gained mutation: Your large and strong wings let you fly indefinitely. [Gargoyle growth]
 22670 | Orc:1    | Reached XP level 14. HP: 91/91 MP: 17/20
 22795 | Orc:2    | Noticed Snorg
 22886 | Orc:1    | Killed Snorg
 24256 | Orc:2    | Noticed an orc warlord
 24434 | Orc:1    | Killed an orc warlord
 25116 | Orc:2    | Reached skill level 11 in Shields
 25143 | Orc:2    | Noticed yogakurto's ghost (journeyman DsAM)
 25193 | Orc:2    | Killed yogakurto's ghost
 25279 | Orc:2    | Found a staircase to the Elven Halls.
 25428 | Orc:2    | Found Waqiam's General Store.
 25428 | Orc:2    | Found Ogisiphu's Book Shoppe.
 25430 | Orc:2    | Found Uwnigr Ivyr's General Store.
 25432 | Orc:2    | Found Cuzi's General Store.
 25462 | Orc:2    | Bought the +6 mace "Ceol" {holy, rPois} for 605 gold pieces
 25465 | Orc:2    | Bought a scroll of identify for 26 gold pieces
 25465 | Orc:2    | Bought a scroll of identify for 26 gold pieces
 28214 | D:13     | Bought a potion of haste for 180 gold pieces
 28263 | D:13     | Bought a scroll of magic mapping for 52 gold pieces
 28263 | D:13     | Bought a scroll of acquirement for 780 gold pieces
 28264 | D:13     | Got a pair of polished boots
 28275 | D:13     | Identified the +0 pair of boots of Cloud Cover {rC- Regen+ Str+6 Int-5} (You acquired it on level 13 of the Dungeon)
 28425 | D:14     | Found a sacrificial altar of Ru.
 28731 | D:14     | Reached ****** piety under the Shining One
 28826 | D:14     | Found a gate to the Vaults.
 28904 | D:13     | Reached XP level 15. HP: 75/98 MP: 15/21
 29384 | D:15     | Entered Level 15 of the Dungeon
 29395 | D:15     | Reached skill level 12 in Shields
 29926 | D:15     | Noticed Kirke
 29981 | D:15     | Killed Kirke
 30600 | D:15     | Found a staircase to the Depths.
 30814 | Depths:1 | Entered Level 1 of the Depths
 30855 | D:15     | Reached skill level 13 in Shields
 31709 | Lair:3   | Found a staircase to the Shoals.
 32953 | Lair:4   | Reached skill level 5 in Conjurations
 33003 | Lair:4   | Noticed Harold
 33026 | Lair:4   | Killed Harold
 33139 | Lair:4   | Reached skill level 5 in Fire Magic
 33176 | Lair:4   | Found a hole to the Spider Nest.
 33415 | Lair:4   | Noticed Nergalle
 33448 | Lair:4   | Killed Nergalle
 33460 | Lair:4   | Reached XP level 16. HP: 106/106 MP: 22/22
 33651 | Lair:4   | Got a slimy scarf
 33652 | Lair:4   | Identified the cursed scarf of the Louse {*Slow rF+ rC+ Dex+2} (You found it on level 4 of the Lair of Beasts)
 34461 | Lair:5   | Reached skill level 14 in Shields
 34483 | Lair:5   | Found a staircase to the Slime Pits.
 34489 | Slime:1  | Entered Level 1 of the Pits of Slime
 34620 | Slime:1  | Noticed an acid blob
 34965 | Lair:6   | Entered Level 6 of the Lair of Beasts
 35502 | Lair:6   | Noticed attackplan's ghost (journeyman HOFi)
 35522 | Lair:6   | Killed attackplan's ghost
 36275 | Lair:6   | Got a slimy ring mail
 36286 | Lair:6   | Identified the +1 ring mail of Joy {Int+4} (You acquired it on level 6 of the Lair of Beasts)
 36456 | Lair:6   | Reached skill level 15 in Shields
 36599 | Spider:1 | Entered Level 1 of the Spider Nest
 36861 | Spider:1 | Learned a level 1 spell: Infusion
 37025 | Spider:1 | Reached skill level 15 in Fighting
 37616 | Spider:2 | Noticed sexinstructor's ghost (adept GrBe)
 37645 | Spider:2 | Killed sexinstructor's ghost
 37645 | Spider:2 | Reached skill level 1 in Charms
 37757 | Spider:2 | Reached XP level 17. HP: 113/113 MP: 23/23
 37921 | Spider:2 | Reached skill level 16 in Shields
 38093 | Spider:4 | Entered Level 4 of the Spider Nest
 39394 | Spider:3 | Reached skill level 17 in Shields
 40170 | Spider:4 | Got a gossamer rune of Zot
 40929 | Orc:2    | Bought a potion of haste for 170 gold pieces
 40934 | Orc:2    | Bought a potion of haste for 130 gold pieces
 41077 | Shoals:1 | Entered Level 1 of the Shoals
 41120 | Lair:3   | Reached XP level 18. HP: 96/120 MP: 16/24
 41352 | Shoals:1 | Reached skill level 1 in Evocations
 41767 | Vaults:1 | Entered Level 1 of the Vaults
 41992 | Vaults:1 | Reached skill level 18 in Shields
 42163 | D:14     | Paralysed by a great orb of eyes for 6 turns
 43416 | Vaults:1 | Found Geidenko's Assorted Antiques.
 43422 | Vaults:1 | Bought a steaming platinum amulet for 200 gold pieces
 43423 | Vaults:1 | Identified the amulet of the Open Hand {Inacc rC+ Dex+6} (You bought it in a shop on level 1 of the Vaults)
 43823 | Vaults:1 | Got an ichor-stained plate armour
 43824 | Vaults:1 | Identified the +11 plate armour of the Farrier {rPois rCorr Int-3} (You found it on level 1 of the Vaults)
 44119 | Vaults:1 | Reached skill level 5 in Charms
 44190 | Vaults:1 | Reached skill level 19 in Shields
 44695 | Vaults:2 | Noticed Nikola
 44718 | Vaults:1 | Killed Nikola
 44790 | Vaults:2 | Reached XP level 19. HP: 128/128 MP: 25/25
 46218 | Vaults:2 | Paralysed by an orc sorcerer for 5 turns
 46312 | Vaults:2 | Reached skill level 20 in Shields
 47213 | Vaults:3 | Reached XP level 20. HP: 137/137 MP: 26/26
 47271 | Vaults:2 | Learned a level 2 spell: Song of Slaying
 47353 | Vaults:3 | Got a pair of polished boots
 47374 | Vaults:3 | Identified the +1 pair of boots of a Thousand Tales {Str+7 Stlth+} (You found it on level 3 of the Vaults)
 47495 | Vaults:3 | Noticed Asterion
 47537 | Vaults:3 | Killed Asterion
 47902 | Vaults:3 | Found an ancient bone altar of Kikubaaqudgha.
 47903 | Vaults:3 | Found a staircase to the Crypt.
 47914 | Vaults:3 | Found a basalt altar of Yredelemnul.
 47945 | Vaults:3 | Cast into level 2 of the Abyss (a wizard)
 48216 | Vaults:3 | Escaped the Abyss
 48281 | Vaults:3 | Reached skill level 15 in Maces & Flails
 49695 | Vaults:4 | Noticed p0werm0de's ghost (adept GrBe)
 49772 | Vaults:4 | Killed p0werm0de's ghost
 51675 | Vaults:5 | Entered Level 5 of the Vaults
 52313 | Crypt:1  | Entered Level 1 of the Crypt
 52563 | Depths:1 | Found a gateway to Hell.
 52600 | Depths:1 | Reached XP level 21. HP: 146/146 MP: 27/27
 52693 | Depths:1 | Got a twisted morningstar {crush}
 52693 | Depths:1 | Got a translucent golden ring
 52714 | D:15     | Identified the +7 morningstar "Bitryadd" {crush, *Drain rElec rN++ MR+} (You took it off a tengu warrior on level 1 of the Depths)
 52716 | D:15     | Identified the ring of the Messenger {rCorr *Contam rElec rF+ rC+} (You took it off a tengu warrior on level 1 of the Depths)
 52746 | Depths:1 | Found Suarauff's Armour Shop.
 52771 | Depths:1 | Bought a +2 large shield of resistance for 622 gold pieces
 53963 | Hell     | Entered the Vestibule of Hell
 53963 | Hell     | Noticed Geryon
 54183 | Depths:1 | Got a warped flail
 54184 | Depths:1 | Identified the cursed +1 flail "Beympaiwk" {freeze, *Corrode Str+9 Dex+6} (You found it on level 1 of the Depths)
 54245 | Depths:2 | Got a fine quarterstaff
 54248 | Depths:2 | Identified the cursed +1 quarterstaff of Midsummer {venom, rF+ Str+4} (You found it on level 2 of the Depths)
 54466 | Depths:2 | Found a one-way gate to the infinite horrors of the Abyss.
 54468 | Depths:2 | Noticed Louise
 54488 | Depths:2 | Found a corrupted altar of Lugonu.
 54531 | Depths:2 | Killed Louise
 54650 | Depths:2 | Reached skill level 21 in Shields
 54686 | Depths:2 | Got a heavy robe
 54697 | Depths:2 | Identified the cursed +0 robe "Qigacsot" {rF+ Int+2 Slay+3 Stlth+} (You found it on level 2 of the Depths)
 54779 | Depths:2 | Found a shimmering altar of Xom.
 55351 | Depths:3 | Found a large runed door.
 55351 | Depths:3 | Found a large runed door.
 55758 | Depths:3 | Gained mutation: You are occasionally teleported next to monsters. [potion of mutation]
 55758 | Depths:3 | Gained mutation: Your muscles are strong. (Str +2) [potion of mutation]
 55759 | Depths:3 | Lost mutation: Your muscles are strong. (Str +2) [potion of mutation]
 55759 | Depths:3 | Lost mutation: You are occasionally teleported next to monsters. [potion of mutation]
 55759 | Depths:3 | Gained mutation: You are somewhat resistant to further mutation. [potion of mutation]
 55759 | Depths:3 | Gained mutation: You are agile. (Dex +2) [potion of mutation]
 55924 | Depths:3 | Reached XP level 22. HP: 155/155 MP: 28/28
 56144 | Depths:3 | Got a warped jade ring
 56167 | Depths:3 | Identified the ring of the Dolphin {-Tele +Fly rN+ Str+5 Dex+2} (You found it on level 3 of the Depths)
 56315 | Depths:3 | Reached skill level 22 in Shields
 57042 | Depths:3 | Found a one-way gate leading to the halls of Pandemonium.
 58136 | Depths:4 | Reached skill level 23 in Shields
 58222 | Depths:4 | Noticed a golden dragon
 58245 | Depths:4 | Killed a golden dragon
 58905 | Depths:4 | Found Odoqieb's Gadget Shop.
 58906 | Depths:4 | Found Qisaa's Jewellery Shoppe.
 58908 | Depths:4 | Found Qyatoent's Gadget Shop.
 59001 | Depths:5 | Entered Level 5 of the Depths
 59047 | Depths:5 | Reached XP level 23. HP: 158/162 MP: 29/29
 59296 | Depths:5 | Noticed a golden dragon
 59337 | Depths:5 | Killed a golden dragon
 59466 | Depths:5 | Reached skill level 24 in Shields
 59801 | Depths:5 | Found a runed door.
 59821 | Depths:5 | Found a runed door.
 59821 | Depths:5 | Found a runed door.
 59968 | Depths:5 | Found a runed door.
 60114 | Depths:5 | Found a runed door.
 60114 | Depths:5 | Found a runed door.
 60191 | Depths:5 | Found a gate to the Realm of Zot.
 60319 | Depths:5 | Noticed a golden dragon
 60346 | Depths:5 | Killed a golden dragon
 60941 | Depths:4 | Noticed a golden dragon
 60954 | Depths:4 | Killed a golden dragon
 60954 | Depths:4 | Paralysed by a floating eye for 3 turns
 60978 | Depths:4 | Got a shimmering steel amulet
 61014 | Depths:4 | Noticed a golden dragon
 61024 | Depths:4 | Killed a golden dragon
 61024 | Depths:4 | Reached skill level 25 in Shields
 61169 | Depths:4 | Identified the amulet "Vemuiss" {Gourm MR+} (You took it off a hell knight on level 4 of the Depths)
 61178 | Depths:4 | Got an ancient garnet amulet
 61224 | Depths:4 | Got an ancient pewter ring
 61225 | Depths:4 | Identified the ring of Daer {+Fly rF+ Int-4 SInv} (You found it on level 4 of the Depths)
 61226 | Depths:4 | Identified the amulet "Zyqe Futani" {Harm *Drain rElec rN+ Slay+5} (You took it off a frost giant on level 4 of the Depths)
 61230 | Depths:4 | Noticed a juggernaut
 61241 | Depths:4 | Killed a juggernaut
 61248 | Depths:4 | Reached XP level 24. HP: 170/170 MP: 29/29
 61267 | Depths:4 | Got a crude jade ring
 61269 | Depths:4 | Identified the ring "Lenaysa" {rF- rC+++ MR- EV+4 SInv} (You found it on level 4 of the Depths)
 61344 | Depths:4 | Found a corrupted altar of Lugonu.
 61517 | Depths:5 | Found a gateway to a ziggurat.
 61960 | Depths:4 | Reached skill level 15 in Armour
 63123 | Hell     | Killed Geryon
 63295 | Hell     | Found a gateway to the Iron City of Dis.
 63376 | Hell     | Found a gateway to the ashen valley of Gehenna.
 63473 | Hell     | Found a gateway to the freezing wastes of Cocytus.
 63573 | Hell     | Found a gateway to the decaying netherworld of Tartarus.
 63813 | Dis:1    | Entered Level 1 of the Iron City of Dis
 64436 | Dis:1    | Reached XP level 25. HP: 86/176 MP: 16/29
 65034 | Dis:2    | You are sucked into a shaft!
 65086 | Dis:3    | Gained mutation: You have sharp toenails. [mutagenic glow]
 66848 | Dis:7    | Entered Level 7 of the Iron City of Dis
 67799 | Shoals:4 | Entered Level 4 of the Shoals
 67934 | Shoals:4 | Noticed Ilsuiw
 68010 | Shoals:4 | Killed Ilsuiw
 68349 | Shoals:4 | Got a barnacled rune of Zot
 68451 | Shoals:4 | Reached XP level 26. HP: 182/182 MP: 29/29
 69163 | Shoals:3 | Noticed Aizul
 69177 | Shoals:3 | Killed Aizul
 69227 | Shoals:3 | Reached skill level 1 in Stealth
 69862 | Crypt:1  | Noticed Jorgrun
 69903 | Crypt:1  | Killed Jorgrun
 70188 | Crypt:1  | Reached skill level 5 in Stealth
 70238 | Crypt:1  | Found a runed door.
 70387 | Crypt:1  | Noticed an ancient lich
 70401 | Crypt:1  | Killed an ancient lich
 70435 | Crypt:1  | Learned a level 2 spell: Shroud of Golubria
 71605 | Crypt:3  | Entered Level 3 of the Crypt
 71651 | Crypt:3  | Noticed Mara
 71670 | Crypt:3  | Noticed WiZmei's illusion
 71779 | Crypt:3  | Killed Mara
 72152 | Crypt:3  | Found a staircase to the Tomb.
 72157 | Tomb:1   | Entered Level 1 of the Tomb of the Ancients
 72157 | Tomb:1   | Noticed Khufu
 72196 | Tomb:1   | Killed Khufu
 72282 | Tomb:1   | Reached XP level 27. HP: 178/188 MP: 29/29
 72724 | Tomb:1   | Noticed a greater mummy
 72732 | Tomb:1   | Reached skill level 10 in Stealth
 72736 | Tomb:1   | Noticed a greater mummy
 72741 | Tomb:1   | Noticed a greater mummy
 72749 | Tomb:1   | HP: 8/188 [greater mummy/divine providence (11)]
 72750 | Tomb:1   | HP: 2/188 [spectral frost giant[a greater mummy] (6)]
 72751 | Tomb:1   | The Shining One protects you from harm!
 72752 | Tomb:1   | Slain by a storm dragon simulacrum

Skill      XL: |  1  2  3  4  5  6  7  8  9 10 11 12 13 14 15 16 17 18 19 20 21 22 23 24 25 26 27 |
---------------+----------------------------------------------------------------------------------+-----
Spellcasting   | 1 2 3 4 |  4.0
Maces & Flails | 4 5 6 7 9 10 11 13 14 16 17 18 20 21 | 21.0
Armour         | 1 2 3 4 5 6 7 8 9 10 11 12 13 14 17 20 | 20.9
Fighting       | 3 4 5 6 8 9 10 11 13 14 15 16 17 18 20 21 22 23 | 23.0
Shields        | 2 4 5 7 9 10 11 13 15 17 19 20 21 23 25 | 25.2
Fire Magic     | 1 3 4 5 |  5.0
Conjurations   | 1 3 4 5 |  5.0
Invocations    | 2 5 6 8 |  8.0
Dodging        | 3 4 |  4.9
Charms         | 1 3 5 6 |  6.8
Evocations     | 1 |  1.3
Stealth        | 9 10 | 10.1
Throwing       | |  1.7

Action                   |  1- 3 |  4- 6 |  7- 9 | 10-12 | 13-15 | 16-18 | 19-21 | 22-24 | 25-27 || total
-------------------------+-------+-------+-------+-------+-------+-------+-------+-------+-------++-------
Melee: Flail             |   114 |   268 |       |   292 |  1171 |       |       |       |       ||  1845
       Mace              |       |    59 |   275 |       |  1315 |   293 |   897 |       |       ||  2839
       Morningstar       |       |       |    86 |   577 |       |       |   565 |  1872 |  2002 ||  5102
       Eveningstar       |       |       |       |       |       |  1625 |   829 |       |       ||  2454
Throw: Throwing net      |       |       |     1 |       |     3 |     1 |       |       |       ||     5
       Javelin           |       |       |     5 |    10 |    11 |       |     4 |       |       ||    30
       Tomahawk          |       |       |       |       |    24 |       |       |       |       ||    24
 Cast: Flame Tongue      |       |       |       |     8 |       |       |       |       |       ||     8
       Infusion          |       |       |       |       |       |     3 |     5 |       |       ||     8
       Song of Slaying   |       |       |       |       |       |       |     5 |     1 |     1 ||     7
Invok: Divine Shield     |       |       |       |       |    19 |     9 |    20 |    22 |    29 ||    99
       Summon Divine War |       |       |       |       |       |     1 |     4 |     4 |     1 ||    10
       Cleansing Flame   |       |       |       |       |       |       |     2 |    18 |     2 ||    22
 Abil: Fly               |       |       |       |       |     1 |     1 |       |       |       ||     2
       Stop Flying       |       |       |       |       |     1 |       |       |       |       ||     1
Evoke: Wand              |       |       |       |       |     3 |     7 |       |       |       ||    10
       Phial of floods   |       |       |       |       |       |     1 |       |       |       ||     1
       Fan of gales      |       |       |       |       |       |     1 |       |       |       ||     1
  Use: Scroll            |       |       |     5 |    19 |    23 |    20 |     4 |     6 |     3 ||    80
       Potion            |       |       |     1 |     4 |    11 |     7 |     3 |       |     9 ||    35
 Stab: Sleeping          |     1 |       |       |       |       |       |       |       |       ||     1
  Eat: Chunk             |     2 |     8 |     9 |     8 |    22 |     9 |    17 |    19 |     5 ||    99
       Bread ration      |       |     1 |     1 |     1 |     3 |     4 |     4 |     3 |     5 ||    22
       Meat ration       |       |       |     1 |       |       |       |       |       |       ||     1
       Fruit             |       |       |       |     6 |     2 |    10 |     1 |     4 |       ||    23
       Royal jelly       |       |       |       |     4 |    10 |     6 |     1 |       |     1 ||    22
Armor: Leather armour    |    84 |    36 |       |       |       |       |       |       |       ||   120
       Plate armour      |       |   302 |   214 |   608 |  1266 |  1376 |  1205 |  1249 |  1253 ||  7473
       Skin              |       |       |       |       |       |       |    11 |       |       ||    11
Dodge: Dodged            |   132 |   157 |    80 |   259 |   499 |   679 |   585 |   607 |   743 ||  3741
Block: Buckler           |       |    25 |    82 |   393 |   917 |       |       |       |       ||  1417
       Large shield      |       |       |       |       |   563 |   630 |   607 |  3185 |  3723 ||  8708
       Shield            |       |       |       |       |       |  1426 |  1751 |       |       ||  3177
       Reflection        |       |       |       |       |       |    72 |    56 |       |       ||   128
